 Dungeon Crawl Stone Soup version 0.27-a0-1147-gb3d8e82157 (webtiles) character file.

Game seed: 18223056775648678951

152 leviel the Shield-Bearer (level 5, -1/47 HPs)
             Began as a Minotaur Fighter on May 11, 2021.
             Killed from afar by Sigmund (4 damage)
             ... with a puff of flame
             ... on level 3 of the Dungeon.
             The game lasted 00:03:29 (2142 turns).

leviel the Shield-Bearer (Minotaur Fighter)         Turns: 2142, Time: 00:03:30

Health: -1/47      AC: 12    Str: 21    XL:     5   Next: 11%
Magic:  4/4        EV:  4    Int:  5    God:
Gold:   96         SH:  0    Dex: 10    Spells: 4/4 levels left

rFire    . . .     SeeInvis .   a - +0 war axe
rCold    . . .     Faith    .   c - +0 kite shield
rNeg     . . .     Spirit   .   e - +0 plate armour
rPois    .         Reflect  .   (helmet restricted)
rElec    .         Harm     .   (no cloak)
rCorr    .         Rampage  .   (no gloves)
Will     .....                  (no boots)
Stlth    ..........             (no amulet)
HPRegen  0.15/turn              (no ring)
MPRegen  0.09/turn              (no ring)

@: confused
A: horns 2, retaliatory headbutt
a: no special abilities


You were on level 3 of the Dungeon.
You visited 1 branch of the dungeon, and saw 3 of its levels.

You collected 96 gold pieces.

Inventory:

Hand Weapons
 a - a +0 war axe (weapon)
Missiles
 j - 24 sling bullets
Armour
 b - a +0 scale mail
 c - a +0 kite shield (worn)
 e - a +0 plate armour (worn)
Jewellery
 i - a ring of willpower
 l - a +6 ring of strength
Scrolls
 f - 3 scrolls of vulnerability {unknown}
 g - a scroll of brand weapon {unknown}
 h - 4 scrolls of identify {unknown}
 k - a scroll of noise {unknown}
Potions
 d - a potion of might
 m - a potion of curing {unknown}


   Skills:
 + Level 4.6 Fighting
 + Level 3.8 Axes
 + Level 4.7 Armour
 + Level 4.7 Shields


You had 4 spell levels left.
You didn't know any spells.
Your spell library was empty.

Dungeon Overview and Level Annotations

Branches:
Dungeon (3/15)

Altars:

Annotations:
D:3 Sigmund


Innate Abilities, Weirdness & Mutations

You have a pair of horns on your head.
You reflexively headbutt those who attack you in melee.


Message History

You hear the brisk rusting of a very distant drain.
Something hits you but does no damage.
You bump into the rock wall.
You hear some strange, mumbled words.
A puff of flame appears from out of thin air!
The puff of flame hits you but does no damage.
Something hits you but does no damage.
You see here 25 stones.
You completely miss something. Your headbutt misses something.
Something hits you but does no damage. Something hits you but does no damage.
Something hits you but does no damage. Something hits you.
You miss something. Your headbutt misses something.
Something hits you but does no damage. x2
You miss something.
You feel less confused. Something hits you.
You closely miss something. Something hits you.
* * * LOW HITPOINT WARNING * * *
You hear some strange, mumbled words.
A puff of flame appears from out of thin air!
You block the puff of flame.
You miss something. Your headbutt misses something.
Something hits you but does no damage. Something hits you.
* * * LOW HITPOINT WARNING * * *
You miss something. You block something's attack.
You barely miss something. Your headbutt misses something.
Something hits you but does no damage. x2
You hit something but do no damage.
You hear some strange, mumbled words.
You are confused.
You completely miss something. Something hits you!
* * * LOW HITPOINT WARNING * * *
Something hits you but does no damage.
You miss something. You headbutt something! Something completely misses you.
You hear some strange, mumbled words.
A puff of flame appears from out of thin air!
The puff of flame hits you.
You die...

#.##...###.#
#.......^..#
#####.#.#..########
...............#
.....#.#.).....#
##....#.#.......#
#..............#
#......#....{..#
.......#....@(.#
.....#.......# ##.
######### #.


There were no monsters in sight!

Vanquished Creatures
  A bullfrog (D:3)
  4 adders
  A worm (D:2)
  5 bats
  5 endoplasms
  A giant cockroach (D:1)
  6 goblins
  4 hobgoblins (D:1)
  3 jackals (D:3)
  A quokka (D:1)
  7 ball pythons
  5 frilled lizards (D:1)
  4 kobolds
  3 rats
50 creatures vanquished.

Notes
Turn   | Place    | Note
-------+----------+-------------------------------------------
     0 | D:1      | leviel the Minotaur Fighter began the quest for the Orb.
     0 | D:1      | Reached XP level 1. HP: 19/19 MP: 0/0
   312 | D:1      | Reached XP level 2. HP: 27/27 MP: 1/1
   847 | D:1      | Reached XP level 3. HP: 30/33 MP: 2/2
  1370 | D:2      | Reached XP level 4. HP: 40/40 MP: 3/3
  1737 | D:3      | Noticed a bullfrog
  1760 | D:3      | Killed a bullfrog
  1761 | D:3      | Reached XP level 5. HP: 8/47 MP: 4/4
  2104 | D:3      | Noticed Sigmund
  2140 | D:3      | HP: 2/47 [something (7)]
  2142 | D:3      | Killed from afar by Sigmund

Illustrated notes

Levels and vault maps discovered:
D:1:      kilobyte_arrival_exit_the_forest, layout_basic
D:2:      layout_basic
D:3:      layout_loops_cross, gup_sewer_entry_spiral, uniq_sigmund

Skill      XL: |  1  2 |
---------------+-------+-----
Shields        | 4 |  4.7
Armour         | 4 |  4.7
Fighting       | 4 |  4.6
Axes           | 3 |  3.8

Action                   |  1- 3 |  4- 6 || total
-------------------------+-------+-------++-------
Melee: War axe           |    86 |    43 ||   129
       Headbutt          |    11 |     9 ||    20
Armor: Plate armour      |    45 |    47 ||    92
       Scale mail        |     3 |       ||     3
Dodge: Dodged            |    18 |     6 ||    24
Block: Kite shield       |    37 |    27 ||    64

Table legend: (Time is in decaauts)
 A = Elapsed time spent in this place.
 B = Non-inter-level travel time spent in this place.
 C = Inter-level travel time spent in this place.
 D = Time resting spent in this place.
 E = Time spent auto-exploring this place.
 F = Levels seen in this place.
 G = Mean time per level.
                   A        B        C        D        E       F      G
               +--------+--------+--------+--------+--------+-----+--------+
         Total |   2222 |   2199 |     23 |     87 |   1745 |   3 |  740.7 |
       Dungeon |   2222 |   2199 |     23 |     87 |   1745 |   3 |  740.7 |
               +--------+--------+--------+--------+--------+-----+--------+

Top non-repeatable levels by time:
     D:1: 1080 daAuts
     D:2: 715 daAuts
     D:3: 426 daAuts
